Map: Solaris LE

Players

JONNEY

  • Race: Protoss Protoss
  • League: Diamond
  • Spawn Location: 7:00

demzi - Winner!

  • Race: Zerg Zerg
  • League: Diamond
  • Spawn Location: 1:00

VOD

Have the link to the VOD?

Description

Time

  • Played on: March 24, 2024, 6:39 p.m.
  • Length: 17:28
Show
View Real Time Build Order
Export as new Build Order

JONNEY Protoss 

Build Orders: 1 Gate Expand 

Get SALT Encoding   

  12  0:00  Probe  
  13  0:12  Probe  
  14  0:19  Pylon  
  14  0:24  Probe  
  15  0:38  Probe (Chrono Boost)  
  15  0:39  Gateway  
  16  0:46  Assimilator  
  17  0:50  Probe (Chrono Boost)  
  17  0:56  Probe (Chrono Boost)  
  18  1:04  Probe  
  19  1:21  Probe  
  20  1:32  Cybernetics Core  
  20  1:35  Nexus  
  20  1:40  Probe  
  21  1:48  Pylon  
  21  1:52  Probe  
  22  2:05  Probe  
  22  2:06  Warp Gate (Chrono Boost)  
  23  2:08  Stalker  
  25  2:16  Gateway  
  25  2:18  Probe  
  25  2:22  Assimilator  
  26  2:32  Probe  
  27  2:44  Probe  
  27  2:50  Shield Battery  
  28  2:54  Sentry  
  28  2:57  Probe  
  31  3:04  Stalker  
  33  3:06  Probe (Chrono Boost)  
  33  3:12  Pylon  
  34  3:19  Probe (Chrono Boost)  
  35  3:25  Probe (Chrono Boost)  
  37  3:28  Probe (Chrono Boost), Stalker  
  39  3:38  Probe  
  40  3:42  Robotics Facility  
  40  3:47  Probe  
  41  3:49  Adept  
  43  4:03  Probe x2  
  43  4:08  Stalker  
  47  4:15  Probe  
  48  4:25  Probe  
  48  4:27  Probe  
  48  4:28  Immortal (Chrono Boost)  
  54  4:40  Assimilator  
  54  4:42  Assimilator  
  54  4:53  Nexus  
  54  4:55  Pylon  
  54  4:58  Pylon  
  54  5:04  Twilight Council  
  54  5:05  Forge  
  54  5:09  Pylon  
  54  5:13  Probe x2  
  54  5:14  Observer  
  57  5:18  Pylon  
  57  5:19  Shield Battery  
  57  5:21  Stalker x2  
  61  5:26  Probe x2  
  63  5:29  Gateway  
  63  5:30  Gateway  
  63  5:38  Probe x2  
  63  5:40  Immortal  
  69  5:45  Stalker x2  
  73  5:50  Probe x2  
  75  6:02  Probe (Chrono Boost)  
  75  6:03  Protoss Ground Weapons Level 1 (Chrono Boost)  
  77  6:05  Probe (Chrono Boost)  
  77  6:07  Probe (Chrono Boost)  
  77  6:08  Blink (Chrono Boost)  
  78  6:14  Probe (Chrono Boost)  
  78  6:18  Probe (Chrono Boost)  
  80  6:31  Stalker  
  82  6:43  Stalker x3  
  88  6:47  Assimilator  
  88  6:50  Assimilator  
  88  6:51  Observer  
  89  6:58  Templar Archives  
  89  7:10  Pylon  
  88  7:15  Nexus  
  88  7:18  Pylon  
  88  7:19  Psionic Storm  
  88  7:22  Stalker x2  
  89  7:23  Stalker x2  
  95  7:31  Gateway x2  
  95  7:34  Gateway, Immortal  
  97  7:37  Gateway  
  97  7:39  Gateway  
  97  7:47  Probe x3  
  100  7:56  Zealot x3  
  100  7:57  Zealot  
  108  8:12  Protoss Ground Armor Level 1 (Chrono Boost)  
  108  8:14  Observer (Chrono Boost)  
  108  8:17  Charge  
  109  8:21  High Templar  
  109  8:22  High Templar  
  113  8:28  Pylon, Probe (Chrono Boost)  
  113  8:29  Probe x2 (Chrono Boost)  
  113  8:30  Pylon  
  113  8:33  Pylon  
  113  8:34  Probe (Chrono Boost)  
  117  8:39  High Templar  
  117  8:40  Probe x2 (Chrono Boost)  
  117  8:41  Zealot, Probe (Chrono Boost)  
  122  8:42  Zealot x4  
  122  8:44  Archon  
  122  8:47  Probe x3 (Chrono Boost)  
  132  8:49  Probe  
  136  9:04  Probe x3  
  136  9:05  Probe  
  140  9:13  High Templar x2  
  140  9:14  High Templar x2  
  140  9:16  Probe x2  
  149  9:36  Observer (Chrono Boost), Stargate  
  150  9:47  Gateway  
  150  9:48  Gateway, Probe (Chrono Boost)  
  150  9:50  Gateway  
  154  9:53  Photon Cannon, Probe (Chrono Boost)  
  154  9:54  Probe x2 (Chrono Boost)  
  154  10:02  Probe (Chrono Boost)  
  148  10:11  High Templar x2  
  148  10:12  High Templar x3  
  136  10:24  Photon Cannon  
  136  10:25  Photon Cannon  
  136  10:27  Assimilator, Photon Cannon  
  136  10:29  Photon Cannon, Stalker x4  
  136  10:30  Photon Cannon  
  136  10:31  Assimilator  
  144  10:47  Protoss Ground Weapons Level 2 (Chrono Boost)  
  120  11:06  Zealot  
  120  11:07  Zealot x7  
  120  11:08  Zealot x4  
  117  11:11  Probe x2  
  117  11:16  Photon Cannon  
  117  11:17  Immortal  
  102  11:33  Probe x3  
  105  11:45  Probe x3  
  105  11:46  High Templar x6  
  120  11:52  Nexus  
  120  11:55  Pylon  
  120  11:56  Gateway  
  120  11:57  Probe  
  120  11:59  High Templar, Pylon  
  120  12:00  Pylon  
  123  12:01  Zealot  
  125  12:19  Pylon  
  125  12:21  Probe x3  
  128  12:22  High Templar  
  128  12:23  High Templar x2  
  128  12:25  Zealot x5  
  128  12:27  Archon  
  140  12:50  Zealot x5  
  140  12:51  Zealot  
  115  13:04  Zealot x2  
  115  13:05  Zealot  
  101  13:06  Probe (Chrono Boost)  
  101  13:07  Probe x3 (Chrono Boost)  
  77  13:19  Probe (Chrono Boost)  
  69  13:24  Probe x3 (Chrono Boost)  
  69  13:25  High Templar x6  
  81  13:27  Zealot x4  
  81  13:30  Probe (Chrono Boost)  
  81  13:31  Probe x2 (Chrono Boost)  
  92  13:52  Probe x2  
  92  13:53  Probe x2  
  92  13:55  High Templar x2  
  98  13:57  Zealot x5  
  98  14:00  Zealot  
  98  14:02  Archon  
  112  14:07  Protoss Ground Armor Level 2 (Chrono Boost)  
  112  14:20  High Templar x2  
  112  14:21  Zealot  
  112  14:22  Zealot x4  
  126  14:29  Assimilator  
  126  14:30  Assimilator  
  110  14:49  Zealot x7  
  113  14:56  Stalker  
  114  15:05  Probe x4  
  83  15:15  Zealot x2  
  83  15:17  Probe (Chrono Boost)  
  83  15:18  Probe x2 (Chrono Boost)  
  83  15:19  Probe (Chrono Boost)  
  79  15:29  Probe (Chrono Boost)  
  79  15:35  Probe x3 (Chrono Boost)  
  81  15:41  Pylon  
  81  15:46  Zealot x3  
  81  15:47  Zealot  
  61  16:06  Dark Shrine  
  55  16:57  Zealot x5  
  25  17:22  Dark Templar x5  
Show
View Real Time Build Order
Export as new Build Order

demzi Zerg - Winner!

Build Orders: Hatch First 

Get SALT Encoding   

  12  0:00  Drone  
  13  0:13  Overlord  
  13  0:17  Drone  
  14  0:31  Drone x2  
  16  0:35  Drone  
  17  0:56  Drone, Hatchery  
  17  0:59  Drone  
  18  1:07  Extractor  
  17  1:16  Spawning Pool  
  17  1:18  Drone  
  17  1:21  Drone  
  18  1:29  Drone  
  19  1:41  Drone  
  20  1:53  Overlord  
  20  2:03  Queen  
  22  2:09  Queen  
  22  2:10  Zergling x4  
  22  2:12  Drone  
  27  2:19  Overlord  
  27  2:21  Metabolic Boost  
  27  2:25  Drone  
  27  2:29  Drone  
  29  2:33  Drone  
  30  2:41  Drone  
  30  2:43  Drone  
  32  2:51  Drone  
  32  3:07  Drone x3  
  35  3:18  Drone x6  
  35  3:19  Drone  
  42  3:25  Overlord, Hatchery  
  41  3:32  Overlord  
  41  3:34  Extractor  
  41  3:37  Extractor  
  39  3:48  Zergling x8  
  40  3:49  Zergling x4  
  45  3:58  Queen  
  45  4:00  Drone x2  
  45  4:01  Drone x2  
  51  4:04  Lair  
  51  4:08  Drone, Evolution Chamber  
  51  4:09  Evolution Chamber  
  50  4:11  Baneling Nest  
  48  4:20  Spore Crawler  
  47  4:25  Drone x2  
  47  4:26  Drone  
  47  4:28  Drone  
  47  4:29  Drone x2  
  53  4:38  Queen  
  53  4:43  Drone x6  
  61  4:51  Zerg Melee Weapons Level 1  
  61  4:52  Zerg Ground Armor Level 1  
  61  4:55  Overlord  
  61  5:09  Overseer  
  61  5:31  Centrifugal Hooks  
  61  5:32  Drone x7  
  61  5:33  Drone x5  
  73  5:36  Extractor, Overlord x3  
  73  5:38  Extractor  
  71  5:43  Zergling x2  
  71  5:44  Zergling x4  
  74  5:52  Hydralisk Den  
  74  5:53  Drone, Extractor  
  74  5:54  Drone  
  74  5:56  Drone x2  
  76  5:57  Drone x3  
  79  6:11  Drone x2  
  79  6:12  Zergling x2, Drone  
  79  6:13  Zergling x12  
  79  6:15  Hatchery  
  88  6:21  Baneling x4  
  88  6:22  Baneling x5  
  88  6:25  Grooved Spines  
  88  6:30  Hatchery  
  87  6:33  Overseer  
  87  6:39  Overlord x3  
  87  6:55  Zerg Missile Weapons Level 1  
  87  7:02  Hydralisk  
  87  7:03  Hydralisk  
  87  7:04  Zergling x2  
  87  7:05  Zergling x28  
  106  7:28  Drone x10  
  115  7:41  Drone x4  
  115  7:42  Drone, Overlord x4  
  115  7:43  Overlord  
  120  7:46  Drone  
  120  7:48  Extractor x2  
  120  7:49  Drone  
  120  7:50  Drone  
  121  7:59  Queen  
  121  8:03  Overlord x2  
  121  8:04  Overlord  
  123  8:05  Overseer  
  123  8:06  Hydralisk  
  123  8:07  Drone, Hydralisk x3  
  123  8:10  Baneling  
  123  8:11  Baneling x6  
  132  8:17  Zerg Melee Weapons Level 2  
  132  8:23  Overlord x2  
  132  8:30  Drone  
  132  8:31  Drone  
  132  8:32  Drone  
  132  8:33  Drone x2  
  137  8:35  Zergling x2  
  137  8:36  Zergling x24  
  150  8:41  Hydralisk  
  150  8:42  Hydralisk  
  150  8:47  Muscular Augments  
  154  8:49  Zerg Ground Armor Level 2  
  154  8:55  Infestation Pit  
  154  9:00  Hydralisk x8  
  154  9:01  Hydralisk x6  
  181  9:04  Zergling x14  
  181  9:07  Baneling x6  
  181  9:08  Baneling x3, Overlord  
  188  9:39  Zergling x4  
  188  9:40  Zergling x20  
  185  10:10  Zergling x2  
  185  10:11  Zergling x46  
  185  10:12  Zergling x2  
  197  10:26  Baneling x2  
  197  10:27  Baneling x4  
  197  10:36  Drone  
  197  10:39  Baneling x3  
  197  10:40  Baneling x5  
  197  10:41  Baneling x2  
  198  10:44  Zerg Missile Weapons Level 2  
  184  10:59  Hydralisk  
  184  11:00  Hydralisk x15  
  184  11:01  Hydralisk x8  
  180  11:19  Queen  
  179  11:30  Zergling x26  
  179  11:39  Overlord  
  179  11:42  Baneling  
  179  11:43  Baneling  
  179  11:44  Baneling x6  
  179  11:45  Baneling x4  
  179  11:46  Overlord x2  
  179  11:47  Hydralisk  
  179  11:49  Zergling x4  
  179  11:51  Overlord x3  
  181  12:03  Baneling x4  
  181  12:04  Baneling x7  
  181  12:05  Baneling x3, Overlord  
  181  12:06  Overlord  
  181  12:08  Overseer x2  
  181  12:12  Zergling x2  
  181  12:13  Zergling x24  
  163  12:51  Hydralisk  
  163  12:52  Hydralisk x17  
  153  13:15  Zergling x16  
  153  13:16  Zergling x10  
  152  13:29  Baneling x7  
  152  13:38  Hatchery  
  152  13:40  Hatchery  
  150  13:44  Hatchery  
  149  13:52  Zergling x10  
  149  13:53  Zergling x26  
  167  13:55  Baneling  
  167  13:56  Baneling x21  
  167  13:57  Baneling x4  
  167  14:00  Hive  
  167  14:05  Zergling x8  
  171  14:16  Zergling x2  
  172  14:17  Zergling x20  
  124  15:04  Hydralisk  
  124  15:05  Hydralisk x20  
  136  15:27  Queen  
  134  15:28  Queen  
  134  15:32  Zergling x2  
  134  15:33  Zergling x26  
  139  16:03  Zergling x2, Queen  
  139  16:04  Zergling x42  
  163  16:12  Extractor, Drone x3  
  163  16:14  Extractor  
  162  16:21  Hydralisk  
  162  16:22  Hydralisk x6  
  162  16:23  Hydralisk  
  176  16:38  Hydralisk  
  176  16:39  Hydralisk x5  
  168  16:55  Zergling x20  
  168  16:56  Zergling x2  
Tags
 
Add a new tag
Caveats
  • Supply blocks, unpowered buildings, or Contaminate may cause inaccurate times.
  • Supply counts are checked every 10 seconds.